 Dungeon Crawl Stone Soup version 0.23.2-40-g277498a001 (webtiles) character file.

Game seed: 12444319647781153982

59331 H0rd4k the Impaler (level 15, -10/120 HPs)
             Began as a Human Artificer on Oct 16, 2019.
             Was an Initiate of Gozag.
             Mangled by an orc warrior
             ... wielding a +0 halberd
              (18 damage)
             ... on level 1 of the Orcish Mines.
             The game lasted 01:11:22 (26454 turns).

H0rd4k the Impaler (Human Artificer)               Turns: 26454, Time: 01:11:22

Health: -10/120    AC: 21    Str: 26    XL:     15   Next: 33%
Magic:  0/36       EV: 14    Int: 16    God:    Gozag
Gold:   1956       SH:  0    Dex: 22    Spells: 14/14 levels left

rFire    + . .     SeeInvis +   A - +8 trident "Zics" {pierce, +Rage rF+ MP+9 Dex+3}
rCold    . . .     Gourm    .   (no shield)
rNeg     . . .     Faith    .   X - +0 plate armour of Vudgheow {Dex+5}
rPois    +         Spirit   +   D - +2 helmet {Int+3}
rElec    .         Reflect  .   B - +0 cloak
rCorr    .         Harm     .   o - +1 pair of gloves
MR       +....                  (no boots)
Stlth    +.........             s - amulet "Rumotuan" {Spirit rPois Str+4}
HPRegen  0.30/turn              P - ring of magical power
MPRegen  0.25/turn              Y - ring of Umiokate {rPois SInv}

@: mighty, about to teleport, gold aura, studying Ice Magic
A: no striking features
a: Potion Petition, Call Merchant, Bribe Branch, Renounce Religion, Evoke
Berserk Rage


You were on level 1 of the Orcish Mines.
You worshipped Gozag.
Gozag was most pleased with you.
You were hungry.

You visited 4 branches of the dungeon, and saw 20 of its levels.
You also visited: Sewer and Volcano.

You collected 5944 gold pieces.
You spent 2468 gold pieces at shops.
You paid 1520 gold pieces to Gozag.

Inventory:

Hand Weapons
 l - a +5 dagger of venom
 A - the +8 trident "Zics" (weapon) {pierce, +Rage rF+ MP+9 Dex+3}
   (You found it on level 4 of the Dungeon)

   It inflicts extra damage upon your enemies.
   It affects your dexterity (+3).
   It protects you from fire.
   It affects your magic capacity (+9).
   It lets you go berserk.
 W - the +5 scythe "Finisher" {speed, eviscerate}
   (You found it on level 8 of the Dungeon)

   Attacks with this weapon are significantly faster.
Missiles
 T - 7 javelins (quivered)
Armour
 o - a +1 pair of gloves (worn)
 B - a +0 cloak (worn)
 D - a +2 helmet of intelligence (worn)
 X - the +0 plate armour of Vudgheow (worn) {Dex+5}
   (You bought it in a shop on level 8 of the Dungeon)

   It affects your dexterity (+5).
Magical Staves
 F - an uncursed staff of death {unknown}
Jewellery
 s - the amulet "Rumotuan" (around neck) {Spirit rPois Str+4}
   (You bought it in a shop on level 8 of the Dungeon)

   [amulet of guardian spirit]

   It causes incoming damage to be split between your health and magic.
   It affects your strength (+4).
   It protects you from poison.
 y - a cursed amulet of inaccuracy {unknown}
 z - an uncursed amulet of regeneration
 H - an uncursed ring of protection from cold {unknown}
 J - an uncursed amulet of the gourmand
 P - a ring of magical power (left hand)
 Q - a +3 ring of intelligence
 Y - the ring of Umiokate (right hand) {rPois SInv}
   (You bought it in a shop on level 5 of the Dungeon)

   [ring of poison resistance]

   It protects you from poison.
   It lets you see invisible.
Wands
 c - a wand of flame (30)
 d - a wand of enslavement (3)
 e - a wand of random effects (4)
 p - a wand of acid (15)
 x - a wand of polymorph (25)
 R - a wand of paralysis (12)
 S - a wand of disintegration (23)
Scrolls
 b - 4 scrolls of identify
 j - 3 scrolls of remove curse
 k - 2 scrolls of fog
 n - a scroll of random uselessness
 q - a scroll of magic mapping
 t - 3 scrolls of enchant weapon
 C - a scroll of immolation
 I - 5 scrolls of teleportation
 O - 2 scrolls of amnesia
Potions
 a - a potion of magic {unknown}
 g - a potion of mutation {unknown}
 h - 3 potions of ambrosia
 i - 7 potions of brilliance
 m - 12 potions of curing
 r - 2 potions of flight
 u - 3 potions of lignification
 v - 2 potions of might
 w - a potion of resistance {unknown}
 E - 5 potions of haste
 G - 4 potions of invisibility
 K - 2 potions of berserk rage
 N - a potion of agility
Books
 M - a manual of Ice Magic
Miscellaneous
 L - a lamp of fire
Comestibles
 f - 18 rations


   Skills:
 + Level 11.9 Fighting
 + Level 3.9 Short Blades
 + Level 15.0 Polearms
 + Level 10.0 Armour
 + Level 8.4 Dodging
 + Level 11.0 Stealth
 + Level 4.9 Evocations


You had 14 spell levels left.
You didn't know any spells.
Your spell library contained the following spells:

 Spells                   Type           Power        Failure   Level  Hunger
 Beastly Appendage        Tmut           #.....       93%         1    ##.....
 Sticks to Snakes         Tmut           #.......     98%         2    ###....
 Spider Form              Tmut/Pois      #.........   100%        3    ####...
 Ice Form                 Ice/Tmut       #.......     100%        4    #####..
 Summon Lightning Spire   Summ/Air       #.......     100%        4    #####..
 Blade Hands              Tmut           #.........   100%        5    ######.
 Silence                  Hex/Air        #.........   100%        5    ######.
 Conjure Ball Lightning   Conj/Air       #.........   100%        6    #######
 Deflect Missiles         Chrm/Air       #.........   100%        6    #######
 Tornado                  Air            #.........   100%        9    #######


Dungeon Overview and Level Annotations

Branches:
Dungeon (11/15)            Temple (1/1) D:7            Lair (6/6) D:8
  Swamp (0/4) Lair:2        Snake (0/4) Lair:4        Slime (0/5) Lair:5
    Orc (2/2) D:9             Elf (0/3) Orc:2

Altars:
Ashenzari
Cheibriados
Fedhas
Gozag
Kikubaaqudgha
Qazlal
Ru
Sif Muna
Trog
Uskayaw
Vehumet
Wu Jian
Zin
Beogh

Shops:
D:5 =   D:8 [=   D:11 (   Orc:1 }   Orc:2 }:(!

Annotations:
D:1 exclusion: downstairs
D:4 exclusion: upstairs
D:7 exclusion: downstairs
D:8 exclusion: death yak
D:9 exclusion: cyclops
D:10 exclusion: downstairs
D:11 exclusion: tengu warrior, Erolcha, Fannar
Lair:3 exclusion: downstairs
Lair:4 exclusion: downstairs
Lair:5 exclusion: 2 downstairs
Lair:6 3 runed translucent doors, bildradio's ghost, journeyman MiBe


Message History

* * * LOW HITPOINT WARNING * * *
The orc warrior completely misses you.
The cyclops becomes distracted by the nearby gold, dreaming of imaginary riches.
As you read the scroll of teleportation, it crumbles to dust.
You feel strangely unstable.
The orc knight hits you with a +3 dire flail of protection!
* * * LOW HITPOINT WARNING * * *
The orc warrior hits you but does no damage.
The orc warrior barely misses you.
Unknown command.
Evoke which item? (* to show all) (? for menu, Esc to quit)
Aiming: Enslavement
Press: ? - help, Shift-Dir - straight line, f/p - orc warrior
Aim: an orc warrior, wielding a +0 halberd and wearing a +0 chain mail (heavily wounded, unusually strong, chance to defeat MR: 61%)
The orc knight is charmed.
The cyclops shouts!
The orc warrior barely misses you.
The orc warrior hits you from afar with a +0 halberd!!
You die...
Your body crumbles into a pile of gold.

##.....## ##....## .## ##
.......###.## #.##
.....##.....## #...#
.....##......## ##.....
......$.......# .....
###(.........o## ##..#
##.....###C.ooo### #>..#
###....# ##..ooo@##....##
.#...o.#####..o####.....#
###o..........## ###....#
^o..#.#......## $ #......
.o.#####...### ##.....#
....# ##$.# ###...# ...##
#..## .### #### ##.#


You could see a cyclops, 3 orc warriors, an orc wizard, 3 orcs and a friendly
orc knight.

Vanquished Creatures
  A dire elephant (Lair:5)
  6 hydras
  A death yak (Lair:3)
  5 orc high priests
  A fire crab (Volcano)
  A lindwurm (Volcano)
  9 orc knights
  2 oklob plants
  An orc sorcerer (D:9)
  A deep elf mage (D:9)
  8 elephants (Lair:6)
  Joseph (D:7)
  Psyche (D:8)
  3 black mambas
  2 torpor snails
  21 spiny frogs
  2 molten gargoyles (Volcano)
  A kobold demonologist (D:9)
  2 komodo dragons
  A rime drake (Lair:6)
  3 trolls
  A polar bear (Lair:5)
  4 tyrant leeches
  2 slime creatures (Lair:5)
  4 hippogriffs
  24 blink frogs
  6 dream sheep
  34 yaks
  Sigmund (D:2)
  A vampire (D:10)
  2 wyverns
  3 wraiths (D:8)
  8 basilisks
  3 fire bats (Volcano)
  2 steam dragons
  3 hungry ghosts
  7 vampire mosquitoes
  A fire elemental (Lair:4)
  2 wargs
  2 hell hounds (Volcano)
  An acid dragon (D:9)
  12 water moccasins
  8 porcupines
  Purgy (Sewer)
  28 orc warriors
  4 ice beasts
  A sky beast (D:8)
  4 phantoms
  2 black bears (D:10)
  11 ogres
  7 centaurs
  12 wolves
  9 crocodiles
  2 big kobolds
  24 bullfrogs
  A wyvern skeleton (D:8)
  4 scorpions
  3 killer bees (D:10)
  9 howler monkeys
  5 electric eels
  A centaur zombie (D:6)
  3 crimson imps
  5 lava snakes
  A bullfrog zombie (D:8)
  4 hounds
  13 jellies
  20 orc priests
  2 bullfrog skeletons
  Jessica (D:3)
  Ijyb (D:3)
  3 iguanas
  15 orc wizards
  7 worker ants
  5 hell rats
  A hound zombie (D:10)
  2 hound skeletons
  Robin (D:3)
  3 gnolls (D:7)
  9 adders
  A river rat (D:8)
  A shadow imp (D:5)
  17 oozes
  2 adder zombies (D:9)
  An adder skeleton (D:9)
  3 worms (D:5)
  A dart slug (D:4)
  4 leopard geckos
  63 orcs
  3 giant cockroaches
  14 goblins
  3 hobgoblins
  8 quokkas
  12 bats
  2 frilled lizards
  16 kobolds
  A quokka skeleton (D:5)
  9 rats
  A plant (Lair:1)
590 creatures vanquished.

Vanquished Creatures (collateral kills)
  3 killer bees (D:8)
  2 howler monkeys (D:11)
  2 orcs
7 creatures vanquished.

Vanquished Creatures (others)
  2 two-headed ogres (D:8)
  A hippogriff (D:11)
  An orc warrior (Orc:1)
  23 fungi
  31 plants
58 creatures vanquished.

Grand Total: 655 creatures vanquished

Notes
Turn   | Place    | Note
-------+----------+-------------------------------------------
     0 | D:1      | H0rd4k the Human Artificer began the quest for the Orb.
     0 | D:1      | Reached XP level 1. HP: 15/15 MP: 3/3
    79 | D:1      | Reached XP level 2. HP: 4/21 MP: 4/4
    84 | D:1      | HP: 1/21 [rat (1)]
   900 | D:1      | Reached XP level 3. HP: 24/26 MP: 5/5
  1107 | D:2      | You fall through a shaft!
  1143 | D:3      | Noticed Jessica
  1157 | D:3      | Reached skill level 1 in Armour
  1157 | D:3      | Noticed Ijyb
  1160 | D:3      | Killed Jessica
  1160 | D:3      | Reached XP level 4. HP: 15/32 MP: 6/6
  1162 | D:3      | Noticed Robin
  1923 | D:2      | Noticed Sigmund
  1928 | D:2      | Killed Sigmund
  1928 | D:2      | Reached XP level 5. HP: 38/38 MP: 7/7
  1928 | D:2      | Reached XP level 6. HP: 44/44 MP: 8/8
  3111 | D:3      | Killed Ijyb
  3205 | D:3      | Reached XP level 7. HP: 13/50 MP: 8/10
  4144 | D:4      | Got a polished trident
  4145 | D:4      | Identified the +8 trident "Zics" {pierce, +Rage rF+ MP+9
                  | Dex+3} (You found it on level 4 of the Dungeon)
  4293 | D:5      | Entered Level 5 of the Dungeon
  4500 | D:5      | Reached skill level 1 in Polearms
  4500 | D:5      | Reached XP level 8. HP: 56/57 MP: 11/11
  4527 | D:5      | Found Woexzutu's Jewellery Emporium.
  4560 | D:5      | Reached skill level 2 in Polearms
  4912 | D:5      | Found a glowing drain.
  4921 | Sewer    | Entered a sewer
  4945 | Sewer    | Noticed Purgy
  4957 | Sewer    | Killed Purgy
  5274 | D:6      | Reached skill level 3 in Polearms
  5703 | D:6      | Reached skill level 4 in Polearms
  5703 | D:6      | Reached XP level 9. HP: 56/64 MP: 12/12
  5845 | D:6      | Reached skill level 5 in Stealth
  6300 | D:7      | Noticed Joseph
  6311 | D:7      | Killed Joseph
  6311 | D:7      | Reached skill level 5 in Polearms
  6469 | D:7      | Found a staircase to the Ecumenical Temple.
  6481 | Temple   | Entered the Ecumenical Temple
  6590 | Temple   | Became a worshipper of Gozag Ym Sagoz the Greedy
  7245 | D:7      | Reached skill level 6 in Polearms
  7467 | D:8      | Noticed Psyche
  7479 | D:8      | Killed Psyche
  7507 | D:8      | Reached skill level 7 in Polearms
  7552 | D:8      | Reached XP level 10. HP: 73/73 MP: 13/13
  7560 | D:8      | Noticed a death yak
  7560 | D:8      | Noticed a two-headed ogre
  7561 | D:8      | Noticed a death yak
  7565 | D:8      | Noticed a death yak
  7962 | D:8      | Noticed a two-headed ogre
  8014 | D:8      | Killed a two-headed ogre
  8014 | D:8      | Reached skill level 5 in Fighting
  8055 | D:8      | Found the +5 scythe "Finisher" {speed, eviscerate}
  8131 | D:8      | Found a staircase to the Lair.
  8158 | D:8      | Reached skill level 8 in Polearms
  8430 | D:9      | Found a shimmering altar of Xom.
  8431 | D:9      | Found a shimmering altar of Xom.
  8432 | D:9      | Found a shimmering altar of Xom.
  8432 | D:9      | Found a shimmering altar of Xom.
  8434 | D:9      | Found a shimmering altar of Xom.
  8434 | D:9      | Found a shimmering altar of Xom.
  8553 | D:9      | Reached skill level 5 in Dodging
  8753 | D:9      | Noticed a cyclops
  9012 | D:9      | Found a staircase to the Orcish Mines.
  9023 | D:9      | Reached skill level 9 in Polearms
  9262 | D:9      | Noticed a deep elf mage
  9262 | D:9      | Noticed a kobold demonologist
  9288 | D:9      | Reached XP level 11. HP: 70/81 MP: 14/14
  9311 | D:9      | Killed a deep elf mage
  9649 | D:10     | Entered Level 10 of the Dungeon
  9701 | D:10     | Reached skill level 10 in Polearms
 10100 | D:10     | Found a sacrificial altar of Ru.
 10365 | D:5      | Bought an uncursed amulet of guardian spirit for 300 gold
                  | pieces
 10365 | D:5      | Bought the ring of Umiokate {rPois SInv} for 312 gold
                  | pieces
 10615 | D:11     | Noticed Fannar
 10810 | D:11     | Noticed a tengu warrior
 10831 | D:11     | Reached skill level 5 in Armour
 10922 | D:11     | Got a dazzling ring mail
 10977 | D:11     | Found Ytwena's Antique Weapon Shop.
 11200 | D:11     | Noticed a manticore
 11206 | D:11     | Noticed Erolcha
 11236 | D:10     | Identified the +2 ring mail of the Ageless People {Dex+3}
                  | (You found it on level 11 of the Dungeon)
 11812 | D:3      | Killed Robin
 11975 | Lair:1   | Entered Level 1 of the Lair of Beasts
 12410 | Lair:1   | Reached skill level 11 in Polearms
 12536 | Lair:1   | Noticed an oklob plant
 12567 | Lair:1   | Killed an oklob plant
 13131 | Lair:2   | Found a staircase to the Swamp.
 13284 | Lair:2   | Reached XP level 12. HP: 75/91 MP: 15/15
 13342 | Lair:2   | Found a dark tunnel.
 13378 | Volcano  | Entered a volcano
 13750 | Volcano  | Found a burning altar of Makhleb.
 13824 | Volcano  | Noticed a fire crab
 13834 | Volcano  | Killed a fire crab
 14174 | Lair:2   | Reached skill level 12 in Polearms
 15332 | Lair:4   | Noticed a death yak
 15461 | Lair:3   | Killed a death yak
 15697 | Lair:4   | Reached XP level 13. HP: 69/98 MP: 16/16
 15771 | Lair:4   | Found a staircase to the Snake Pit.
 15847 | Lair:4   | Reached skill level 13 in Polearms
 16231 | Lair:4   | Noticed a five-headed hydra
 16246 | Lair:4   | Killed a five-headed hydra
 16663 | Lair:5   | Noticed a five-headed hydra
 16671 | Lair:5   | Killed a five-headed hydra
 16671 | Lair:5   | Reached skill level 10 in Stealth
 16718 | Lair:5   | Found a staircase to the Slime Pits.
 17047 | Lair:5   | Noticed a five-headed hydra
 17409 | Lair:5   | Noticed a six-headed hydra
 17415 | Lair:5   | Killed a six-headed hydra
 17566 | Lair:5   | Killed a five-headed hydra
 17566 | Lair:5   | Reached skill level 14 in Polearms
 17614 | Lair:6   | Entered Level 6 of the Lair of Beasts
 17623 | Lair:6   | Noticed a six-headed hydra
 17770 | Lair:6   | Noticed a four-headed hydra
 18411 | Lair:6   | Found a runed translucent gate.
 18546 | Lair:6   | Reached XP level 14. HP: 94/109 MP: 17/17
 19072 | Lair:6   | Reached skill level 10 in Fighting
 19670 | Lair:6   | Noticed a dire elephant
 19898 | D:8      | Bought the amulet "Rumotuan" {Spirit rPois Str+4} for 744
                  | gold pieces
 19919 | D:8      | Bought a bloodstained robe for 188 gold pieces
 19929 | D:8      | Identified the cursed +0 robe of a bazaar {rF+ Regen+} (You
                  | bought it in a shop on level 8 of the Dungeon)
 20221 | Lair:5   | Killed a dire elephant
 20644 | Lair:6   | Found a runed translucent gate.
 20644 | Lair:6   | Found a runed translucent gate.
 20858 | Lair:6   | Noticed bildradio's ghost (journeyman MiBe)
 20866 | Lair:6   | Noticed a minotaur
 21903 | Orc:1    | Entered Level 1 of the Orcish Mines
 21975 | D:8      | Bought a distressingly furry plate armour for 924 gold
                  | pieces
 21985 | D:8      | Identified the cursed +0 plate armour of Vudgheow {Dex+5}
                  | (You bought it in a shop on level 8 of the Dungeon)
 22105 | Orc:1    | Paralysed by an orc sorcerer for 5 turns
 22453 | Orc:1    | Found Rikogeel's Gadget Emporium.
 22547 | Orc:2    | Entered Level 2 of the Orcish Mines
 23494 | Orc:1    | Reached XP level 15. HP: 83/119 MP: 18/18
 25574 | Orc:2    | Found a staircase to the Elven Halls.
 25622 | Orc:2    | Reached skill level 15 in Polearms
 25857 | Orc:2    | Found a roughly hewn altar of Beogh.
 26022 | Orc:2    | Found Ifoecis's Gadget Emporium.
 26025 | Orc:2    | Found Iloegeut's Weapon Emporium.
 26026 | Orc:2    | Found Pax Gide's Distillery.
 26027 | Orc:2    | Found Etzuidui's Book Shoppe.
 26290 | Orc:1    | Found a bloodstained altar of Trog.
 26406 | Orc:1    | Reached skill level 10 in Armour
 26454 | Orc:1    | Mangled by an orc warrior

Skill      XL: |  1  2  3  4  5  6  7  8  9 10 11 12 13 14 15 |
---------------+----------------------------------------------+-----
Armour         | 1 2 3 4 5 6 7 9 10 | 10.0
Fighting       | 2 3 4 5 7 8 9 11 | 11.9
Short Blades   | 2 3 |  3.9
Dodging        | 3 4 5 6 7 8 |  8.4
Stealth        | 2 3 4 6 7 8 9 10 11 | 11.0
Evocations     | 4 |  4.9
Polearms       | 1 4 7 9 11 12 14 15 | 15.0

Action                   |  1- 3 |  4- 6 |  7- 9 | 10-12 | 13-15 || total
-------------------------+-------+-------+-------+-------+-------++-------
Melee: Short sword       |    84 |       |       |       |       ||    84
       Dagger            |    26 |   122 |    53 |       |       ||   201
       Trident           |       |       |   166 |   787 |  1372 ||  2325
       Scythe            |       |       |       |    15 |       ||    15
Invok: Call Merchant     |       |       |       |       |     2 ||     2
Evoke: Wand              |       |    10 |       |    13 |    16 ||    39
  Use: Potion            |       |     2 |       |     5 |     4 ||    11
       Scroll            |       |       |    12 |    17 |     6 ||    35
 Stab: Paralysed         |       |     5 |       |       |       ||     5
       Sleeping          |       |     4 |    16 |    20 |    12 ||    52
       Distracted        |       |       |     1 |    17 |    11 ||    29
  Eat: Ration            |       |     1 |     3 |     9 |    10 ||    23
       Chunk             |       |     4 |     4 |       |       ||     8
Armor: Leather armour    |    40 |    35 |    33 |    55 |       ||   163
       Skin              |       |     1 |       |       |       ||     1
       Ring mail         |       |       |       |    61 |   175 ||   236
       Plate armour      |       |       |       |       |   169 ||   169
Dodge: Dodged            |    96 |    56 |    95 |   337 |   655 ||  1239
